 Dungeon Crawl Stone Soup version 0.22-a0-445-g8c8ef71 (webtiles) character file.

4099 Gorglomux the Blocker (level 10, -3/92 HPs)
             Began as a Deep Dwarf Fighter on June 2, 2018.
             Was a Believer of Makhleb.
             Slain by a freezing wraith (15 damage)
             ... on level 8 of the Dungeon.
             The game lasted 00:04:22 (4999 turns).

Gorglomux the Blocker (Deep Dwarf Fighter)          Turns: 4999, Time: 00:04:23

Health: -3/92      AC: 13    Str: 22    XL:     10   Next: 6%
Magic:  12/12      EV:  6    Int: 10    God:    Makhleb [**....]
Gold:   37         SH: 11    Dex: 12    Spells: 9/9 levels left

rFire    . . .     SeeInvis .   a - +0 war axe
rCold    . . .     Gourm    .   c - +0 shield
rNeg     . . .     Faith    .   S - +0 chain mail (curse)
rPois    .         Spirit   .   (no helmet)
rElec    .         Reflect  .   (no cloak)
rCorr    .         Harm     .   (no gloves)
MR       +....                  V - +1 pair of boots
Stlth    ..........             (no amulet)
HPRegen  0.00/turn              (no ring)
MPRegen  0.13/turn              (no ring)

@: non-regenerating, slowed, very slow
A: damage resistance, heal wounds, sense surroundings 2, no regeneration
a: Heal Wounds, Minor Destruction, Renounce Religion


You were on level 8 of the Dungeon.
You worshipped Makhleb.
Makhleb was pleased with you.
You were not hungry.

You visited 2 branches of the dungeon, and saw 9 of its levels.

You collected 246 gold pieces.
You spent 209 gold pieces at shops.

Inventory:

Hand Weapons
 a - a +0 war axe (weapon)
Missiles
 Z - 2 throwing nets (quivered)
Armour
 c - a +0 shield (worn)
 S - a cursed +0 chain mail (worn)
 V - a +1 pair of boots (worn)
Jewellery
 L - a cursed amulet of inaccuracy {unknown}
 N - an uncursed ring of wizardry {unknown}
 T - an uncursed ring of fire {unknown}
Wands
 A - a wand of acid (11)
 I - a wand of iceblast (12)
 P - a wand of paralysis (11)
Scrolls
 g - 2 scrolls of remove curse {unknown}
 h - 4 scrolls of magic mapping {unknown}
 k - 3 scrolls of teleportation {unknown}
 l - 3 scrolls of enchant armour {unknown}
 J - a scroll of noise {unknown}
 R - a scroll of enchant weapon {unknown}
 Y - 3 scrolls of identify {unknown}
Potions
 d - 3 potions of might
 j - 4 potions of curing {unknown}
 m - 4 potions of heal wounds
 n - 3 potions of lignification {unknown}
 H - a potion of berserk rage
 K - a potion of degeneration {unknown}
 M - a potion of mutation {unknown}
 O - a potion of invisibility
 U - a potion of haste
 W - a potion of flight {unknown}
 X - a potion of ambrosia {unknown}
Comestibles
 f - 10 rations
 Q - 5 chunks of flesh


   Skills:
 + Level 6.9 Fighting
 + Level 7.8 Axes
 + Level 8.2 Armour
 + Level 8.2 Shields
 + Level 6.2 Invocations


You had 9 spell levels left.
You didn't know any spells.
Your spell library contained the following spells:

 Spells                   Type           Power        Failure   Level  Hunger
 Confuse                  Hex            #.......     100%        3    ####...
 Confusing Touch          Hex            #.....       99%         1    ##.....
 Metabolic Englaciation   Hex/Ice        #.........   100%        5    ######.
 Petrify                  Tmut/Erth      #.......     100%        4    #####..
 Gell's Gravitas          Tloc           #.........   100%        3    ####...
 Yara's Violent Unravell  Hex/Tmut       #.........   100%        5    ######.


Dungeon Overview and Level Annotations

Branches:
Dungeon (8/15)             Temple (1/1) D:5
   Lair: D:8-11

Altars:
Ashenzari
Cheibriados
Dithmenos
Elyvilon
Fedhas
Gozag
Hepliaklqana
Kikubaaqudgha
Makhleb
Nemelex Xobeh
Okawaru
Qazlal
Ru
Sif Muna
Trog
Uskayaw
Vehumet
Wu Jian
Xom
Yredelemnul
Zin
The Shining One

Shops:
D:7 !

Annotations:
D:6 Gorglomux's ghost, novice DDFi
D:7 1 runed door


Innate Abilities, Weirdness & Mutations

You are resistant to damage.
You can heal yourself by infusing magical energy.
You passively map the area around you.
You do not regenerate.


Message History

The freezing wraith hits you but does no damage!
You butt the freezing wraith but do no damage!
The freezing wraith butts severely damaged!
The freezing wraith hits you but does no damage!
The freezing wraith hits you but butts no damage!
The freezing wraith closely misses you! You block the freezing wraith's attack!
You cut the freezing wraith into ribbons!
The freezing wraith is severely damaged!
You butt the freezing wraith's attack!
The freezing wraith hits you!!! * * * don't die
* * * The freezing wraith butts you! * * * don't die
* * * The freezing butt freezes you!!!!!! * * * don't die
* * * You block the freezing wraith's attack!
You are butt injured to fight recklessly!!!
Butt feel much better!
The freezing wraith hits you!!! * * * don't die
* * * The freezing wraith freezes you!!! rip

,, * , , #.,*## , *,
, *,, * , ..##. , **
* , , ..... *,,, ,
...##. ,, , , *, ,**
, ..# #. * , * *
,.....#. * * ,#.
#..#.#. * * * *
####.##.#..#..#... ,
* ,#@(##.#....#..#.#[
, *
**#W##'#.##..........
, * *,#Z#
##...#.......... * *
##, ##...##.........
* * #..#..#.........
, *,**,
##..#..##........ * ,
#.......#....#... *,
* * ##.....###...#..#
* #.###.###.#..##..#


You could see a freezing wraith and a jackal zombie.

Vanquished Creatures
  A two-headed ogre (D:8)
  Joseph (D:7)
  A hippogriff (D:7)
  Eustachio (D:5)
  Menkaure (D:7)
  Duvessa (D:5)
  Edmund (D:4)
  A phantom (D:7)
  3 ice beasts
  The ghost of Gorglomux the Shield-Bearer, an amateur DDFi (D:4)
  A black bear (D:6)
  A sky beast (D:6)
  2 centaurs (D:8)
  Blork the orc (D:4)
  A big kobold (D:7)
  3 bullfrogs
  Dowan (D:5)
  2 scorpions
  3 howler monkeys
  3 crimson imps
  3 hounds
  2 jellies (D:7)
  3 orc wizards
  A centaur skeleton (D:7)
  9 orc priests
  Terence (D:2)
  3 worker ants
  2 hound skeletons
  A worker ant zombie (D:7)
  Robin (D:2)
  3 gnolls (D:6)
  12 adders
  A shadow imp (D:5)
  2 adder zombies
  4 worms
  4 dart slugs
  3 leopard geckos
  23 orcs
  7 giant cockroaches
  16 goblins
  6 hobgoblins
  5 jackals
  A quokka (D:5)
  11 bats
  6 frilled lizards
  13 kobolds
  2 leopard gecko skeletons
  4 rats
179 creatures vanquished.

Vanquished Creatures (others)
  An orc wizard (D:5)
  A kobold (D:3)
2 creatures vanquished.

Grand Total: 181 creatures vanquished

Notes
Turn   | Place    | Note
-------+----------+-------------------------------------------
     0 | D:1      | Gorglomux the Deep Dwarf Fighter began the quest for the Orb.
     0 | D:1      | Reached XP level 1. HP: 20/20 MP: 1/1
    99 | D:1      | Reached XP level 2. HP: 22/27 MP: 2/2
   299 | D:2      | Reached skill level 3 in Fighting
   386 | D:2      | Reached XP level 3. HP: 26/34 MP: 3/3
   548 | D:2      | Noticed Robin
   555 | D:2      | Killed Robin
   555 | D:2      | Reached skill level 3 in Axes
   637 | D:2      | Reached XP level 4. HP: 21/42 MP: 4/4
   667 | D:2      | Noticed Terence
   720 | D:2      | Killed Terence
  1151 | D:3      | Reached XP level 5. HP: 43/49 MP: 5/5
  1238 | D:3      | Found a bloodstained altar of Trog.
  2001 | D:4      | Reached XP level 6. HP: 29/57 MP: 6/6
  2074 | D:4      | Noticed Blork the orc
  2091 | D:4      | Killed Blork the orc
  2174 | D:4      | Noticed Edmund
  2213 | D:4      | Killed Edmund
  2213 | D:4      | Reached XP level 7. HP: 50/64 MP: 7/7
  2228 | D:4      | Noticed Gorglomux's ghost (amateur DDFi)
  2256 | D:4      | Killed Gorglomux's ghost
  2566 | D:5      | Entered Level 5 of the Dungeon
  2674 | D:5      | Found a staircase to the Ecumenical Temple.
  2699 | Temple   | Entered the Ecumenical Temple
  2909 | Temple   | Became a worshipper of Makhleb the Destroyer
  2987 | D:5      | Noticed Duvessa
  2990 | D:5      | Noticed Dowan
  3012 | D:5      | Killed Duvessa
  3030 | D:5      | Reached skill level 6 in Armour
  3030 | D:5      | Reached skill level 6 in Shields
  3030 | D:5      | Reached XP level 8. HP: 51/74 MP: 8/8
  3039 | D:5      | Killed Dowan
  3098 | D:5      | Noticed Eustachio
  3157 | D:5      | Killed Eustachio
  3157 | D:5      | Reached skill level 1 in Invocations
  3449 | D:6      | Noticed Gorglomux's ghost (novice DDFi)
  3644 | D:6      | Reached skill level 6 in Axes
  3662 | D:6      | Reached skill level 3 in Invocations
  3708 | D:6      | Reached * piety under Makhleb
  3954 | D:7      | Noticed Menkaure
  3972 | D:7      | Killed Menkaure
  3972 | D:7      | Gained mutation: You passively map the area around you. [Deep Dwarf growth]
  3972 | D:7      | Reached XP level 9. HP: 31/82 MP: 11/11
  4085 | D:7      | Reached skill level 6 in Fighting
  4120 | D:7      | Noticed Joseph
  4129 | D:7      | Killed Joseph
  4373 | D:7      | Found a runed door.
  4582 | D:7      | Found Boxupueq's Distillery.
  4602 | D:7      | Bought a potion of heal wounds for 55 gold pieces
  4602 | D:7      | Bought a potion of heal wounds for 55 gold pieces
  4602 | D:7      | Bought a potion of berserk rage for 55 gold pieces
  4602 | D:7      | Bought a potion of might for 44 gold pieces
  4932 | D:8      | Reached ** piety under Makhleb
  4970 | D:8      | Noticed a two-headed ogre
  4985 | D:8      | Killed a two-headed ogre
  4985 | D:8      | Reached skill level 6 in Invocations
  4985 | D:8      | Reached XP level 10. HP: 55/92 MP: 13/13
  4998 | D:8      | HP: 3/92 [freezing wraith (18)]
  4999 | D:8      | Slain by a freezing wraith

Vault maps used:
D:1:      roderic_chinese_lattice_arrival
D:2:      kb_forest_paths, first_ration, uniq_robin, uniq_terence
D:3:      lightli_temple_of_fire
D:4:      uniq_edmund, uniq_blork_the_orc
D:5:      temple_pool_b, uniq_duvessa, uniq_eustachio
D:7:      serial_shops, shop_statue, kennysheep_generic_room_8, uniq_joseph,
          uniq_menkaure, uniq_crazy_yiuf_cottage
D:8:      minmay_the_grid_triangle_9x9_recursive_2
Temple:   kilobyte_greek_temple

Skill      XL: |  1  2  3  4  5  6  7  8  9 |
---------------+----------------------------+-----
Fighting       | 3 4 5 6 |  6.9
Axes           | 3 4 5 6 7 |  7.8
Armour         | 4 5 6 7 8 |  8.2
Shields        | 4 5 6 7 8 |  8.2
Invocations    | 3 6 |  6.2

Action                   |  1- 3 |  4- 6 |  7- 9 | 10-12 || total
-------------------------+-------+-------+-------+-------++-------
Melee: War axe           |    76 |   264 |   438 |    10 ||   788
 Abil: Heal Wounds       |       |     7 |    15 |     4 ||    26
  Use: Potion            |       |       |     1 |       ||     1
  Eat: Chunk             |       |     5 |    10 |       ||    15
Armor: Scale mail        |    52 |    78 |       |       ||   130
       Chain mail        |       |    60 |   295 |    10 ||   365
Dodge: Dodged            |    26 |    68 |   147 |     4 ||   245
Block: Shield            |    35 |   149 |   300 |    14 ||   498

Table legend:
 A = Spawn XP
 B = Non-spawn XP
 C = Spawn XP percentage of total XP
 D = Spawn monster count
 E = Non-spawn monster count
 F = Spawn count percentage of total count
 G = Total turns spent on level
                    A         B        C        D         E        F      G
               +---------+---------+-------+---------+---------+-------+---------
         Total |       0 |    5856 |   0.0 |       0 |     179 |   0.0 |  4999
               +---------+---------+-------+---------+---------+-------+---------
           D:1 |       0 |      29 |   0.0 |       0 |      16 |   0.0 |   264
           D:2 |       0 |     164 |   0.0 |       0 |      36 |   0.0 |   836
           D:3 |       0 |      90 |   0.0 |       0 |      27 |   0.0 |   764
           D:4 |       0 |     604 |   0.0 |       0 |      17 |   0.0 |   702
           D:5 |       0 |    1077 |   0.0 |       0 |      25 |   0.0 |   902
           D:6 |       0 |     708 |   0.0 |       0 |      17 |   0.0 |   208
           D:7 |       0 |    1910 |   0.0 |       0 |      32 |   0.0 |   929
           D:8 |       0 |    1274 |   0.0 |       0 |       9 |   0.0 |   139
               +---------+---------+-------+---------+---------+-------+---------
